 Dungeon Crawl Stone Soup version 0.25.0-9-g26727b657a (webtiles) character file.

Game seed: 12725028909380716767

252 Exodus22XD the Poker (level 5, -3/40 HPs)
             Began as a Demonspawn Gladiator on June 20, 2020.
             Slain by a gnoll
             ... wielding a +0 flail
              (4 damage)
             ... on level 3 of the Dungeon.
             The game lasted 00:04:21 (2870 turns).

Exodus22XD the Poker (Demonspawn Gladiator)         Turns: 2870, Time: 00:04:22

Health: -3/40      AC:  6    Str: 16    XL:     5   Next: 89%
Magic:  5/5        EV: 13    Int:  9    God:
Gold:   128        SH:  0    Dex: 14    Spells: 4/4 levels left

rFire    . . .     SeeInvis .   a - +0 trident
rCold    + . .     Gourm    .   (no shield)
rNeg     . . .     Faith    .   b - +0 leather armour
rPois    +         Spirit   .   (helmet restricted)
rElec    .         Reflect  .   (no cloak)
rCorr    .         Harm     .   (no gloves)
MR       .....                  i - +2 pair of boots
Stlth    ++........             (no amulet)
HPRegen  0.13/turn              j - ring of poison resistance
MPRegen  0.09/turn              (no ring)

@: no status effects
A: antennae 1, cold resistance 1, rot immunity
a: no special abilities


You were on level 3 of the Dungeon.
You were very hungry.

You visited 1 branch of the dungeon, and saw 3 of its levels.

You collected 128 gold pieces.

Inventory:

Hand Weapons
 a - a +0 trident (weapon)
Missiles
 d - 3 throwing nets (quivered)
Armour
 b - a +0 leather armour (worn)
 i - a +2 pair of boots (worn)
Jewellery
 j - a ring of poison resistance (left hand)
Scrolls
 e - a scroll of identify {unknown}
 g - a scroll of magic mapping {unknown}
 h - a scroll of remove curse {unknown}
 l - a scroll of teleportation {unknown}
Comestibles
 f - 5 rations


   Skills:
 + Level 2.9 Fighting
 + Level 4.4 Polearms
 + Level 1.9 Throwing
 + Level 2.1 Armour
 + Level 3.2 Dodging
 + Level 1.2 Stealth


You had 4 spell levels left.
You didn't know any spells.
Your spell library was empty.

Dungeon Overview and Level Annotations

Branches:
Dungeon (3/15)

Altars:


Innate Abilities, Weirdness & Mutations

You have a pair of small antennae on your head.
Your flesh is cold resistant. (rC+)
You are immune to rotting.


Message History

You hit the gnoll.
The gnoll is heavily wounded.
The gnoll hits you but does no damage.
You closely miss the gnoll.
The gnoll is heavily wounded.
The gnoll misses you.
You closely miss the gnoll.
The gnoll is heavily wounded.
The gnoll hits you but does no damage.
You barely miss the gnoll.
The gnoll is heavily wounded.
The gnoll closely misses you.
You barely miss the gnoll.
The gnoll is heavily wounded.
The gnoll hits you with a +0 flail!
* * * LOW HITPOINT WARNING * * *
You hit the gnoll but do no damage.
The gnoll is heavily wounded.
The gnoll hits you with a +0 flail.
You die...

#.# #..#####.##### #.#
#............. #.#
#.....##.####. #!#
#.....##.# #. #.#
#.....##.# #. #.#
#.....##.####. #.#
#.....##.#<...
#.#########.....##.#####
#.....g@..+.....##(#
###########


You could see a gnoll.

Vanquished Creatures
  Sigmund (D:2)
  2 gnolls (D:3)
  3 adders (D:2)
  4 worms
  4 dart slugs
  A leopard gecko (D:1)
  An orc (D:3)
  4 giant cockroaches
  7 goblins
  4 hobgoblins
  3 jackals (D:2)
  A kobold (D:1)
  A bat (D:1)
  2 frilled lizards (D:1)
  7 rats
45 creatures vanquished.

Notes
Turn   | Place    | Note
-------+----------+-------------------------------------------
     0 | D:1      | Exodus22XD the Demonspawn Gladiator began the quest for the
                  | Orb.
     0 | D:1      | Reached XP level 1. HP: 16/16 MP: 1/1
   346 | D:1      | Reached skill level 3 in Polearms
   347 | D:1      | Gained mutation: Your flesh is cold resistant. (rC+)
                  | [demonic ancestry]
   347 | D:1      | Reached XP level 2. HP: 21/22 MP: 2/2
  1176 | D:2      | HP: 1/22 [adder (5)]
  1182 | D:2      | Reached XP level 3. HP: 6/27 MP: 3/3
  1198 | D:2      | HP: 1/27 [poisoned by an adder]
  1650 | D:2      | Reached skill level 1 in Armour
  1976 | D:2      | Gained mutation: You have a pair of small antennae on your
                  | head. [demonic ancestry]
  1976 | D:2      | Reached XP level 4. HP: 34/34 MP: 4/4
  2034 | D:2      | You fall into a shaft and drop 1 floor!
  2367 | D:2      | Noticed Sigmund
  2398 | D:2      | HP: 1/34 [Sigmund/+0 scythe (5)]
  2401 | D:2      | Killed Sigmund
  2401 | D:2      | Reached skill level 4 in Polearms
  2401 | D:2      | Reached skill level 1 in Stealth
  2401 | D:2      | Gained mutation: You are immune to rotting. [demonic
                  | ancestry]
  2401 | D:2      | Reached XP level 5. HP: 1/40 MP: 5/5
  2869 | D:3      | HP: 1/40 [gnoll/+0 flail (9)]
  2870 | D:3      | Slain by a gnoll

Illustrated notes

Levels and vault maps discovered:
D:1:      onia_arrival_mini_maze, layout_basic
D:2:      layout_basic, uniq_sigmund
D:3:      kennysheep_goblin_castle, layout_basic,
          lemuel_zombie_altar_kikubaaqudgha

Skill      XL: |  1  2  3  4 |
---------------+-------------+-----
Polearms       | 3 4 |  4.4
Armour         | 1 2 |  2.1
Dodging        | 3 |  3.2
Stealth        | 1 |  1.2
Fighting       | |  2.9
Throwing       | |  1.9

Action                   |  1- 3 |  4- 6 || total
-------------------------+-------+-------++-------
Melee: Trident           |   109 |    80 ||   189
  Use: Potion            |     1 |       ||     1
 Stab: Sleeping          |     3 |       ||     3
  Eat: Chunk             |     3 |     2 ||     5
Armor: Leather armour    |    27 |    20 ||    47
Dodge: Dodged            |    48 |    54 ||   102
